[Event "18th Delhi GM Open 2020"]
[Site "Delhi"]
[Date "2020.01.12"]
[Round "6.17"]
[White "Yakubboev, Nodirbek"]
[Black "Bakshi, Rutuja"]
[Result "1-0"]
[ECO "A00"]
[WhiteElo "2597"]
[BlackElo "2118"]
[Annotator "ChessBase"]
[PlyCount "85"]
[EventDate "2020.01.09"]
[EventType "swiss"]
[EventCountry "IND"]
[SourceTitle "playchess.com"]
[Source "ChessBase"]
[SourceQuality "1"]
[TimeControl "5400+30"]

1. b4 d5 2. Bb2 Nf6 3. e3 c6 4. c4 g6 5. Nf3 Bg7 6. Nc3 O-O 7. d4 Bg4 8. h3 Bxf3 9. Qxf3 dxc4 10. Bxc4 Nbd7 11. O-O e5 12. b5 exd4 13. exd4 Nb6 14. Bb3 Qd6 15. bxc6 bxc6 16. Rfd1 a5 17. Na4 Nbd5 18. Rac1 Rab8 19. Rc5 Ra8 20. Ba3 Qd7 21. Rc2 Rfc8 22. Nc5 Qa7 23. Bc1 Nb6 24. Na4 Nfd5 25. Nxb6 Qxb6 26. Bg5 h6 27. Bh4 g5 28. Bg3 a4 29. Rxc6 Rxc6 30. Bxd5 Rf6 31. Bxf7+ Rxf7 32. Qxa8+ Rf8 33. Qxa4 Rd8 34. d5 Bf8 35. Qe4 Qf6 36. d6 Qf7 37. a4 Rd7 38. a5 Qb3 39. Re1 Qf7 40. a6 Bxd6 41. Bxd6 Rxd6 42. a7 Qxa7 43. Qe8+ 1-0

[Event "18th Delhi GM Open 2020"]
[Site "Delhi"]
[Date "2020.01.12"]
[Round "6.19"]
[White "Navalgund, Niranjan"]
[Black "Mchedlishvili, Mikheil"]
[Result "1/2-1/2"]
[ECO "E41"]
[WhiteElo "2246"]
[BlackElo "2578"]
[Annotator "ChessBase"]
[PlyCount "44"]
[EventDate "2020.01.09"]
[EventType "swiss"]
[EventCountry "IND"]
[SourceTitle "playchess.com"]
[Source "ChessBase"]
[SourceQuality "1"]
[TimeControl "5400+30"]

1. d4 Nf6 2. c4 e6 3. Nc3 Bb4 4. e3 c5 5. Bd3 Nc6 6. Nf3 Bxc3+ 7. bxc3 d6 8. e4 e5 9. d5 Ne7 10. Nh4 h6 11. O-O g5 12. Qf3 Nfg8 13. Nf5 Nxf5 14. exf5 Qf6 15. g4 h5 16. h3 Bd7 17. Qg2 hxg4 18. hxg4 O-O-O 19. Be3 Ne7 20. f3 Rh4 21. Bf2 Rh6 22. Bg3 Rdh8 1/2-1/2

[Event "18th Delhi GM Open 2020"]
[Site "Delhi"]
[Date "2020.01.12"]
[Round "6.20"]
[White "David, Alberto"]
[Black "Raahul V S"]
[Result "1-0"]
[ECO "C65"]
[WhiteElo "2562"]
[BlackElo "2233"]
[Annotator "ChessBase"]
[PlyCount "99"]
[EventDate "2020.01.09"]
[EventType "swiss"]
[EventCountry "IND"]
[SourceTitle "playchess.com"]
[Source "ChessBase"]
[SourceQuality "1"]
[TimeControl "5400+30"]

1. e4 e5 2. Nf3 Nc6 3. Bb5 Nf6 4. d3 Ne7 5. O-O c6 6. Ba4 Ng6 7. c3 Be7 8. Re1 O-O 9. Bc2 Re8 10. d4 d6 11. Nbd2 Bf8 12. a4 Bg4 13. h3 Bxf3 14. Nxf3 d5 15. Bg5 dxe4 16. Rxe4 Qb6 17. Bxf6 gxf6 18. dxe5 fxe5 19. Ng5 Bh6 20. Rb4 Qd8 21. Ne4 Re7 22. Qh5 Qf8 23. Nd6 Rd7 24. Nf5 Bg7 25. Ng3 Qe7 26. Bf5 Rd4 27. cxd4 Qxb4 28. dxe5 Qxb2 29. Re1 Qc3 30. Re4 Qa1+ 31. Nf1 Re8 32. e6 Qf6 33. Rg4 Re7 34. Ng3 Nf8 35. Rh4 Nxe6 36. Ne4 Qa1+ 37. Kh2 Qe5+ 38. g3 Nd4 39. Bxh7+ Kf8 40. Qd1 Qd5 41. Rh5 f5 42. Ng5 Bf6 43. Bxf5 Nxf5 44. Qg4 Bxg5 45. Qxg5 Ng7 46. Qf6+ Ke8 47. Rxd5 cxd5 48. h4 Ne6 49. h5 Nf8 50. g4 1-0

[Event "18th Delhi GM Open 2020"]
[Site "Delhi"]
[Date "2020.01.12"]
[Round "6.21"]
[White "Lalith Babu M R"]
[Black "Wagh Suyog"]
[Result "1/2-1/2"]
[ECO "D35"]
[WhiteElo "2558"]
[BlackElo "2219"]
[Annotator "ChessBase"]
[PlyCount "63"]
[EventDate "2020.01.09"]
[EventType "swiss"]
[EventCountry "IND"]
[SourceTitle "playchess.com"]
[Source "ChessBase"]
[SourceQuality "1"]
[TimeControl "5400+30"]

1. d4 Nf6 2. c4 e6 3. Nc3 d5 4. cxd5 exd5 5. Bg5 c6 6. e3 Be7 7. Bd3 Nbd7 8. Qc2 Nh5 9. Bxe7 Qxe7 10. O-O-O Nb6 11. h3 g6 12. Nf3 Be6 13. Nd2 O-O-O 14. Na4 Nxa4 15. Qxa4 Kb8 16. Nb3 Ng7 17. Nc5 Bc8 18. Kb1 Ne6 19. Nb3 Bd7 20. Qa5 Rc8 21. Rc1 Rhe8 22. Rhd1 Rc7 23. Nc5 Nxc5 24. dxc5 Qf6 25. Rd2 Bf5 26. Qc3 Bxd3+ 27. Qxd3 Rce7 28. Qd4 Qg5 29. Qg4 Qf6 30. Qg3+ Kc8 31. Qg4+ Kb8 32. Qg3+ 1/2-1/2

[Event "18th Delhi GM Open 2020"]
[Site "Delhi"]
[Date "2020.01.12"]
[Round "6.23"]
[White "Srija, Seshadri"]
[Black "Grover, Sahaj"]
[Result "1-0"]
[ECO "C63"]
[WhiteElo "2225"]
[BlackElo "2521"]
[Annotator "ChessBase"]
[PlyCount "95"]
[EventDate "2020.01.09"]
[EventType "swiss"]
[EventCountry "IND"]
[SourceTitle "playchess.com"]
[Source "ChessBase"]
[SourceQuality "1"]
[TimeControl "5400+30"]

1. e4 e5 2. Nf3 Nc6 3. Bb5 f5 4. d3 fxe4 5. dxe4 Nf6 6. O-O d6 7. Nc3 Be7 8. Qe2 Bg4 9. Qc4 Qd7 10. Ng5 Bd8 11. f3 h6 12. fxg4 hxg5 13. h3 Ng8 14. Be3 Bf6 15. Nd5 a6 16. Bxc6 bxc6 17. Nb4 Ne7 18. Nxa6 Qc8 19. Nb4 Qb7 20. Rad1 Ra4 21. a3 c5 22. Qb3 Ra8 23. Nd5 Qxb3 24. cxb3 Nxd5 25. Rxd5 Ke7 26. Rc1 Ke6 27. Kf1 Rhb8 28. Rd3 Rb5 29. Ke2 Be7 30. Bd2 c6 31. b4 d5 32. Rc2 Ra4 33. Bc1 Kd6 34. b3 Ra6 35. bxc5+ Rxc5 36. Rxc5 Kxc5 37. a4 Kb4 38. exd5 e4 39. Rd4+ Kxb3 40. Rxe4 Bf6 41. dxc6 Rxc6 42. Bd2 Rc2 43. Kd3 Rc7 44. a5 Rd7+ 45. Ke2 Rd6 46. Rb4+ Kc2 47. Be3 Bd8 48. Rd4 1-0

[Event "18th Delhi GM Open 2020"]
[Site "Delhi"]
[Date "2020.01.12"]
[Round "6.24"]
[White "Ziatdinov, Raset"]
[Black "Yudin, Sergei"]
[Result "0-1"]
[ECO "C41"]
[WhiteElo "2203"]
[BlackElo "2508"]
[Annotator "ChessBase"]
[PlyCount "82"]
[EventDate "2020.01.09"]
[EventType "swiss"]
[EventCountry "IND"]
[SourceTitle "playchess.com"]
[Source "ChessBase"]
[SourceQuality "1"]
[TimeControl "5400+30"]

1. e4 d6 2. d4 Nf6 3. Nc3 e5 4. Nf3 Nbd7 5. Be2 Be7 6. O-O O-O 7. Re1 c6 8. a4 Re8 9. a5 exd4 10. Qxd4 Bf8 11. Bg5 Nc5 12. Bc4 Be6 13. b4 Ncd7 14. Bxe6 Rxe6 15. Qd2 h6 16. Bxf6 Nxf6 17. Nd4 Re8 18. a6 Qc8 19. axb7 Qxb7 20. Qd3 c5 21. bxc5 dxc5 22. Qb5 Qb6 23. Qxb6 axb6 24. Rxa8 Rxa8 25. Ndb5 c4 26. e5 Nd7 27. f4 Bb4 28. Rd1 Nf8 29. f5 g6 30. g4 h5 31. h3 Ra6 32. Rd5 Ra1+ 33. Nd1 Rc1 34. c3 Bc5+ 35. Kf1 Rc2 36. Nc7 gxf5 37. gxf5 Rh2 38. e6 fxe6 39. fxe6 Ng6 40. Rxh5 Rh1+ 41. Kg2 Rxd1 0-1

[Event "18th Delhi GM Open 2020"]
[Site "Delhi"]
[Date "2020.01.12"]
[Round "6.26"]
[White "Rios, Cristhian Camilo"]
[Black "Aradhya, Garg"]
[Result "1-0"]
[ECO "D35"]
[WhiteElo "2498"]
[BlackElo "2197"]
[Annotator "ChessBase"]
[PlyCount "55"]
[EventDate "2020.01.09"]
[EventType "swiss"]
[EventCountry "IND"]
[SourceTitle "playchess.com"]
[Source "ChessBase"]
[SourceQuality "1"]
[TimeControl "5400+30"]

1. d4 d5 2. c4 e6 3. Nc3 Nf6 4. cxd5 exd5 5. Bg5 c6 6. e3 h6 7. Bh4 Bd6 8. Bd3 O-O 9. Nf3 Be6 10. Ne5 c5 11. f4 Nc6 12. Bc2 cxd4 13. exd4 Rc8 14. Nxc6 bxc6 15. O-O c5 16. f5 cxd4 17. fxe6 fxe6 18. Nb5 e5 19. Bb3 Be7 20. Rc1 g5 21. Bg3 Qb6 22. Rxc8 Rxc8 23. Bxe5 d3+ 24. Nd4 Qa6 25. Nf5 Bc5+ 26. Kh1 Kh7 27. Bxf6 Qxf6 28. Qxd3 1-0

[Event "18th Delhi GM Open 2020"]
[Site "Delhi"]
[Date "2020.01.16"]
[Round "10.15"]
[White "Rios, Cristhian Camilo"]
[Black "Jain Kashish Manoj"]
[Result "1-0"]
[ECO "E70"]
[WhiteElo "2498"]
[BlackElo "1962"]
[Annotator "RC"]
[PlyCount "71"]
[EventDate "2020.01.09"]
[EventType "swiss"]
[EventCountry "IND"]
[SourceTitle "playchess.com"]
[Source "ChessBase"]
[SourceQuality "1"]
[TimeControl "5400+30"]

1. d4 Nf6 2. c4 g6 3. Nc3 Bg7 4. e4 d6 5. Bg5 O-O 6. f3 c6 7. Qd2 a6 8. Bd3 b5 9. Nge2 Nbd7 10. O-O e5 11. d5 b4 12. Na4 cxd5 13. cxd5 Qa5 14. a3 Rb8 15. axb4 Qxb4 16. Qxb4 Rxb4 17. Bd2 Rb8 18. Rfc1 Nb6 19. b4 Nfd7 20. Nxb6 Rxb6 21. Rc7 Nb8 22. Nc1 Rb7 23. Rxb7 Bxb7 24. Nb3 Rc8 25. Ra2 Bf8 26. Kf1 Rc7 27. b5 axb5 28. Ra7 Re7 29. Na5 Ba6 30. Ra8 Re8 31. Ke1 f6 32. Be3 Kf7 33. Bb6 Rc8 34. Ra7+ Ke8 35. Nc6 Nxc6 36. dxc6 1-0

[Event "18th Delhi GM Open 2020"]
[Site "Delhi"]
[Date "2020.01.16"]
[Round "10.17"]
[White "Goganov, Aleksey"]
[Black "Sammed Jaykumar, Shete"]
[Result "1-0"]
[ECO "E06"]
[WhiteElo "2583"]
[BlackElo "2398"]
[Annotator "RC"]
[PlyCount "61"]
[EventDate "2020.01.09"]
[EventType "swiss"]
[EventCountry "IND"]
[SourceTitle "playchess.com"]
[Source "ChessBase"]
[SourceQuality "1"]
[TimeControl "5400+30"]

1. d4 Nf6 2. c4 e6 3. Nf3 d5 4. g3 Be7 5. Bg2 O-O 6. O-O dxc4 7. Qc2 b5 8. a4 b4 9. Nfd2 Nd5 10. Nxc4 Ba6 11. Rd1 Qc8 12. e4 Nb6 13. Na5 c5 14. d5 c4 15. Be3 Bc5 16. Nc6 Nxc6 17. Bxc5 Ne5 18. Bxb4 Re8 19. dxe6 Rxe6 20. a5 Nd3 21. Ba3 Nd7 22. Nc3 Qe8 23. Nd5 Rc8 24. Qc3 Rxe4 25. Nb4 Nxf2 26. Kxf2 Re2+ 27. Kf1 Rc5 28. Nd5 Rxg2 29. Re1 Qa8 30. Bxc5 Nxc5 31. Nc7 1-0

[Event "18th Delhi GM Open 2020"]
[Site "Delhi"]
[Date "2020.01.16"]
[Round "10.22"]
[White "Vasquez Schroeder, Rodrigo"]
[Black "Srihari L R"]
[Result "0-1"]
[ECO "A41"]
[WhiteElo "2487"]
[BlackElo "2302"]
[Annotator "RC"]
[PlyCount "82"]
[EventDate "2020.01.09"]
[EventType "swiss"]
[EventCountry "IND"]
[SourceTitle "playchess.com"]
[Source "ChessBase"]
[SourceQuality "1"]
[TimeControl "5400+30"]

1. d4 d6 2. Nf3 g6 3. c4 Bg7 4. Nc3 Bg4 5. e3 c5 6. Be2 cxd4 7. Nxd4 Bxe2 8. Ndxe2 Nf6 9. O-O O-O 10. Rb1 Nc6 11. e4 a6 12. a4 Rc8 13. b3 Qa5 14. Bd2 e6 15. Kh1 Qc7 16. Bf4 Rfd8 17. Qd2 Nb4 18. f3 Qb6 19. Be3 Qc7 20. Rbc1 Qe7 21. Bg5 Qf8 22. Nd1 Nc6 23. Ne3 h6 24. Bh4 Ne5 25. Nc3 g5 26. Bf2 Nfd7 27. Rfd1 Nc5 28. Qc2 Nc6 29. Ne2 b5 30. axb5 axb5 31. b4 Nxb4 32. Qb1 bxc4 33. Rxc4 Nc6 34. Bg3 Rb8 35. Qc1 Na5 36. Rc2 Nab3 37. Qa3 Rb5 38. Nc3 Rb7 39. Nc4 Ra8 40. Bxd6 Qc8 41. Qb2 Nd4 0-1